[Event "13th All African Mixed Team Rapid-ch 202"]
[Site "Accra"]
[Date "2024.03.09"]
[Round "6.1"]
[White "KIGIGHA, Bomo Lovet"]
[Black "Amin, Bassem"]
[Result "0-1"]
[ECO "E60"]
[WhiteElo "2231"]
[BlackElo "2670"]
[Annotator "TA"]
[PlyCount "68"]
[EventDate "2024.03.07"]
[EventType "rapid"]
[EventCountry "GHA"]
[SourceTitle "playchess.com"]
[Source "ChessBase"]
[SourceQuality "1"]
[TimeControl "900+10"]

1. Nf3 Nf6 2. c4 g6 3. b3 Bg7 4. Bb2 O-O 5. g3 d6 6. d4 Nbd7 7. Bg2 e5 8. dxe5 dxe5 9. O-O e4 10. Ne5 {[%emt 0:01:27] [#]} (10. Nd4 $11 {bleibt in der Remisbreite.}) 10... Ng4 $1 11. Nxd7 {[%emt 0:01:42] Und Bxg7 würde nun gewinnen. Schwarz steht besser.} Bxb2 12. Nxf8 Qxf8 13. Nd2 {[%emt 0:00:05] Schwarz muss nun Rb1 beachten.} e3 {[%emt 0:04:25] ...Bf5 wäre nun fies.} 14. Ne4 Bf5 $1 {[%emt 0:01:04] Zielt auf ...Bxe4 ab.} (14... exf2+ $6 15. Nxf2 Ne3 16. Qd2 Bxa1 17. Qxe3 $11) 15. f3 {[%emt 0:03:39] [#]} Bxe4 $1 {[%emt 0:00:16] Schwarz steht deutlich aktiver.} 16. fxg4 {[%emt 0:01:06] [#]} Bxg2 17. Kxg2 Rd8 $1 18. Qe1 Bxa1 19. Qxa1 $15 {[%emt 0:00:02][%mdl 4096] Endspiel. KQR-KQR} Rd2 20. Kf3 Qe7 $36 {[%emt 0:00:52][%mdl 2048] Verhindert Qe5. Schwarz kämpft um Vorteil.} 21. Rd1 $2 (21. h3 $15) 21... Qd6 $2 (21... f5 $19 22. Kf4 Qd6+ (22... Rxe2 $2 23. Qe5 $19) 23. Qe5 Qxe5+ (23... Rxd1 $2 24. Qxd6 Rxd6 25. gxf5 $19) 24. Kxe5 Rxd1 25. gxf5 gxf5 26. Kxf5 Rd2 (26... Rf1+ $2 27. Ke4 $19)) 22. Rxd2 $4 (22. Rf1 $15) 22... exd2 {[%emt 0:00:03] KQ-KQ} (22... Qxd2 23. Qb1 $14) 23. Qd1 Qd4 (23... Qf6+ $142 24. Ke4 Qc3) 24. e3 $19 Qd3 25. Kf2 Kf8 26. g5 (26. Kf3 $142) 26... a5 27. a3 Ke7 28. b4 axb4 (28... Qxc4 29. Qxd2 axb4 30. axb4 $15) 29. axb4 Qc3 (29... Qxc4 30. Qxd2 c5 31. bxc5 Qxc5 32. h4 $19) 30. b5 $2 (30. Ke2 Qxc4+ (30... Qxb4 31. Qc2 $15) 31. Kxd2 Qxb4+ 32. Kc1) 30... Qc1 {[%emt 0:00:09] Schwarz steht klar auf Gewinn.} (30... Qxc4 31. Qxd2 Qxb5 32. Qc3 Qf5+ (32... Qxg5 33. Qxc7+ Kf8 34. Qb8+ Kg7 35. Qxb7 $11) 33. Ke2 $19) 31. Ke2 Qxc4+ 32. Kxd2 Qd5+ 33. Kc1 Qxd1+ ({Nicht} 33... Qxg5 34. Qd3 $17) 34. Kxd1 Kd6 {[%emt 0:00:01] Gewichteter Fehlerwert: Weiß=1.00/Schwarz=0.53.  Verlustzug:     	Weiß=2     	---        Gewinn verpasst:   	---       	Schwarz=1     Fehler:       	Weiß=3     	---        OK:         	Weiß=8     	Schwarz=9     Bester:       	Weiß=2     	Schwarz=2     Stark:        	---       	Schwarz=3} 0-1

[Event "13th All African Mixed Team Rapid-ch 202"]
[Site "Accra"]
[Date "2024.03.09"]
[Round "6.2"]
[White "Wafa, Shahenda"]
[Black "PEACE SAMSON"]
[Result "1-0"]
[ECO "B33"]
[WhiteElo "2083"]
[BlackElo "1870"]
[Annotator "RC"]
[PlyCount "53"]
[EventDate "2024.03.07"]
[EventType "rapid"]
[EventCountry "GHA"]
[SourceTitle "playchess.com"]
[Source "ChessBase"]
[SourceQuality "1"]
[TimeControl "900+10"]

1. e4 c5 2. Nf3 Nc6 3. d4 cxd4 4. Nxd4 Qb6 5. Nb3 Nf6 6. Nc3 d6 7. Be3 Qd8 8. Be2 g6 9. f3 a6 10. Qd2 Bg7 11. g4 Be6 12. Nd4 Nxd4 13. Bxd4 O-O 14. h4 h5 15. gxh5 Nxh5 16. Bxg7 Kxg7 17. Rg1 Qb6 18. O-O-O Rh8 19. f4 Rac8 20. f5 Bc4 21. Bxc4 Rxc4 22. fxg6 f6 23. Qd5 Rc7 24. Qf7+ Kh6 25. g7 Nxg7 26. Qxg7+ Kh5 27. Qxh8# 1-0

[Event "13th All African Mixed Team Rapid-ch 202"]
[Site "Accra"]
[Date "2024.03.09"]
[Round "6.3"]
[White "Arab, Adlane"]
[Black "Silva, David"]
[Result "1/2-1/2"]
[ECO "E61"]
[WhiteElo "2477"]
[BlackElo "2358"]
[Annotator "TA"]
[PlyCount "81"]
[EventDate "2024.03.07"]
[EventType "rapid"]
[EventCountry "GHA"]
[SourceTitle "playchess.com"]
[Source "ChessBase"]
[SourceQuality "1"]
[TimeControl "900+10"]

1. d4 Nf6 2. c4 g6 3. Nc3 Bg7 4. Nf3 d6 5. Bf4 O-O 6. e3 Nh5 7. Bg5 h6 8. Bh4 g5 9. Nd2 {[%emt 0:00:10] Bxg5 would now be deadly.} Nf4 10. Bg3 {[%emt 0:00:39] Wards off e5} e5 11. dxe5 (11. exf4 exf4 12. Bxf4 gxf4 $11) 11... dxe5 {[%emt 0:00:02][%cal Ob8a6] White is slightly better.} 12. h4 {[%emt 0:00:18] [#] Strongly threatening hxg5.} ({Reject} 12. exf4 exf4 13. Bxf4 gxf4 $15) 12... Ne6 (12... Bf5 $1 $14) 13. hxg5 $18 Nxg5 14. Nde4 (14. Qc2 $16) 14... Qxd1+ $14 15. Rxd1 Nxe4 16. Nxe4 Bf5 17. Bd3 {[%emt 0:01:03][%cal Oe4f6] White has more active pieces. The black rooks are passive.} Bg6 18. Nc5 (18. Bh4 $16) 18... Bxd3 19. Rxd3 b6 20. Nd7 e4 21. Rd1 Nxd7 22. Rxd7 Rfd8 23. Rxc7 Bxb2 {[%emt 0:00:00] [#] Hoping for ...Bc3+.} 24. O-O (24. Rxh6 Bc3+ 25. Ke2 Rd2+ 26. Ke1 Rad8 (26... Rxa2+ $2 27. Kd1 $19) (26... Rd6+ $2 27. Ke2 $19) (26... Rxa2+ $2 27. Kd1 $19) (26... Rd6+ {gets mated.} 27. Ke2 Rd2+ 28. Ke1 Rad8 29. Rh8+ Kxh8 30. Be5+ Bxe5 31. Rc8 Bc3 32. Rxd8+ Rxd8+ 33. Ke2 Rd2+ 34. Ke1 Rxa2+ 35. Kd1 Rxf2 36. g3 a5 37. c5 bxc5 38. g4 a4 39. g5 a3 40. g6 a2 41. g7+ Kxg7 42. Kc1 a1=Q#)) 24... Rdc8 25. Rd1 Rxc7 $1 {[%emt 0:00:00] The position is equal.} 26. Bxc7 $11 {[%emt 0:00:01][%mdl 4096] Endgame. KRB-KRB} Kg7 27. Rd7 Rc8 28. Bf4 Rxc4 29. Rxa7 b5 30. Rb7 b4 31. Rb6 h5 32. Kh2 Bf6 33. Kg3 Bd8 34. Rb5 Kg6 35. Bd6 h4+ 36. Kh3 Rc2 37. Rb8 Bf6 38. Rxb4 Rxa2 39. Rxe4 Rxf2 40. Rg4+ Kf5 41. Rf4+ {[%emt 0:00:35] Weighted Error Value: White=0.08 (flawless) /Black=0.09 (flawless) .  Mistake:       	White=2     	Black=1      Inaccurate:     	---       	Black=1      OK:         	White=9     	Black=15     Best:        	White=1     	Black=3      Strong:       	---       	Black=1} 1/2-1/2

[Event "13th All African Mixed Team Rapid-ch 202"]
[Site "Accra"]
[Date "2024.03.09"]
[Round "6.4"]
[White "Junior, Ednasia"]
[Black "Nassr, Lina"]
[Result "0-1"]
[ECO "D35"]
[WhiteElo "1915"]
[BlackElo "2080"]
[Annotator "RC"]
[PlyCount "100"]
[EventDate "2024.03.07"]
[EventType "rapid"]
[EventCountry "GHA"]
[SourceTitle "playchess.com"]
[Source "ChessBase"]
[SourceQuality "1"]
[TimeControl "900+10"]

1. c4 e6 2. Nc3 Nf6 3. Nf3 d5 4. cxd5 exd5 5. d4 c6 6. g3 Bd6 7. Bg2 O-O 8. O-O h6 9. Re1 Re8 10. Qc2 Nbd7 11. Nd2 Nf8 12. b3 Be6 13. e4 dxe4 14. Ndxe4 Nxe4 15. Bxe4 Bb4 16. a3 Be7 17. Be3 Bf6 18. Red1 Rc8 19. Bf3 Bg5 20. Bxg5 hxg5 21. b4 Qf6 22. Bg2 Bf5 23. Qb3 Bg4 24. Rd2 Bf3 25. Na4 Bxg2 26. Kxg2 Rcd8 27. Rad1 g4 28. Nc5 b6 29. Na4 Rd5 30. Nc3 Qf3+ 31. Kg1 Rh5 32. Rd3 Qf5 33. Qb2 Re6 34. f4 gxf3 35. Qf2 Rf6 36. Re3 Qh7 37. Rd2 Qf5 38. Ne4 Re6 39. Nc3 Rxe3 40. Qxe3 Ne6 41. Rf2 Ng5 42. Kf1 Rh6 43. h4 Qh3+ 44. Ke1 Re6 45. Kd2 Rxe3 46. Kxe3 Qe6+ 47. Kd3 Qf5+ 48. Ke3 Ne6 49. Rxf3 Qc2 50. Ne2 Qb2 0-1

[Event "13th All African Mixed Team Rapid-ch 202"]
[Site "Accra"]
[Date "2024.03.09"]
[Round "6.5"]
[White "Rakotomaharo, Fy Antenaina"]
[Black "Mhango, Banele"]
[Result "1-0"]
[ECO "B31"]
[WhiteElo "2454"]
[BlackElo "2193"]
[Annotator "TA"]
[PlyCount "79"]
[EventDate "2024.03.07"]
[EventType "rapid"]
[EventCountry "GHA"]
[SourceTitle "playchess.com"]
[Source "ChessBase"]
[SourceQuality "1"]
[TimeControl "900+10"]

1. e4 c5 2. a4 d6 3. Bb5+ Nd7 4. f4 a6 5. Be2 Ngf6 6. d3 e6 7. Nf3 Qc7 8. O-O {[%emt 0:00:22] White has an edge.} Be7 9. c4 Nb8 10. Nc3 Nc6 11. Kh1 b6 12. d4 cxd4 13. Nxd4 Bb7 14. Nxc6 Bxc6 15. Qd4 O-O 16. Be3 Nd7 17. Bg1 (17. Qd1 $11) 17... Bf6 $17 18. Qe3 {[%emt 0:00:22] [#]} Nc5 ({Black should play} 18... Bxc3 $1 $17 19. Qxc3 Bxe4) 19. b4 $11 Bxc3 20. Qxc3 Nxe4 (20... Nxa4 $6 21. Qc2 $16) 21. Qd4 Rab8 22. b5 {[%emt 0:01:43] Bf3 is the strong threat.} Ba8 23. a5 Nc5 (23... bxa5 $15 24. b6 Qc5) 24. Rfd1 {[%emt 0:01:29] [#]} (24. axb6 $11 {remains equal.} Rxb6 25. f5) 24... Rfd8 (24... Nb3 $1 $17 25. axb6 Qb7) 25. axb6 Rxb6 26. Bf1 axb5 27. cxb5 Rbb8 28. Ra3 {[%emt 0:00:03] Wards off Nb3} Be4 29. Rg3 f5 30. Qc3 Rd7 31. Bc4 {[%emt 0:00:45] Strongly threatening Bxc5.} d5 (31... Kh8 $11) 32. Bf1 $14 {[%emt 0:00:02][%mdl 1024] White has compensation.} Na4 33. Qa1 Nb6 $1 34. Bd4 $36 {[%emt 0:00:02][%mdl 2048] White fights for an advantage.} Ra8 35. Qb2 Nc4 36. Qf2 (36. Ra1 $1 $14 Rxa1 (36... Qxf4 37. Rxa8+) 37. Qxa1) 36... h6 37. Rg6 Re7 38. Qh4 Kh7 39. Qh5 ({Better is} 39. b6 $11 Nxb6 40. Qh5 (40. Bxb6 Qxb6 $11)) 39... Qd7 $2 {[%emt 0:00:13] [#]} (39... Qxf4 $17 40. Rg3 Qc7 (40... e5 41. Bc5 $11)) 40. Bxg7 $1 {[%emt 0:00:05][%mdl 512] Weighted Error Value: White=0.20 (precise) /Black=0.28 (precise) .  Loses game:     	---       	Black=1      Mistake:       	White=4     	Black=4      Inaccurate:     	White=1     	Black=1      OK:         	White=13    	Black=14     Best:        	---       	Black=2      Strong:       	---       	Black=1      Brilliant:      	White=1     	---} 1-0

[Event "13th All African Mixed Team Rapid-ch 202"]
[Site "Accra"]
[Date "2024.03.09"]
[Round "6.6"]
[White "February, Jesse Nikki"]
[Black "Tsinjoviniavo, Aina Mahasambatra"]
[Result "1-0"]
[ECO "D00"]
[WhiteElo "1920"]
[BlackElo "1681"]
[Annotator "RC"]
[PlyCount "111"]
[EventDate "2024.03.07"]
[EventType "rapid"]
[EventCountry "GHA"]
[SourceTitle "playchess.com"]
[Source "ChessBase"]
[SourceQuality "1"]
[TimeControl "900+10"]

1. d4 d5 2. Nc3 Nf6 3. Bf4 a6 4. e3 Bf5 5. Bd3 Bg6 6. h4 Nbd7 7. h5 Be4 8. Nf3 e6 9. Bxe4 Nxe4 10. Nxe4 dxe4 11. Ng5 Nf6 12. Be5 Qd5 13. h6 Rg8 14. hxg7 Bxg7 15. Bxf6 Bxf6 16. Nxh7 Be7 17. Rh5 Qc4 18. Qe2 Qxe2+ 19. Kxe2 Rxg2 20. Rh6 O-O-O 21. Nf6 c5 22. dxc5 Bxc5 23. Nxe4 Bb6 24. Rah1 f5 25. Nc3 Re8 26. Rh8 Rxh8 27. Rxh8+ Kd7 28. Rh7+ Kc6 29. Kf3 Rg1 30. Re7 Kd6 31. Rxb7 Ba5 32. Ne2 Ra1 33. a3 Kc6 34. Re7 Kd5 35. Nf4+ Kc5 36. b4+ Bxb4 37. axb4+ Kxb4 38. Rxe6 a5 39. Re5 a4 40. Rxf5 a3 41. Nd5+ Kc4 42. Nb6+ Kc3 43. Rc5+ Kb2 44. Nc4+ Kb1 45. Nxa3+ Rxa3 46. Kf4 Ra4+ 47. e4 Kc1 48. Kf5 Kd2 49. f4 Ke3 50. c4 Ra6 51. e5 Kd4 52. Rc8 Rh6 53. e6 Rh1 54. e7 Re1 55. e8=Q Rxe8 56. Rxe8 1-0

[Event "13th All African Mixed Team Rapid-ch 202"]
[Site "Accra"]
[Date "2024.03.09"]
[Round "6.7"]
[White "Cogan, Nicolas"]
[Black "Rongwane, Gomolemo"]
[Result "1/2-1/2"]
[ECO "D36"]
[WhiteElo "2070"]
[BlackElo "2021"]
[Annotator "RC"]
[PlyCount "107"]
[EventDate "2024.03.07"]
[EventType "rapid"]
[EventCountry "GHA"]
[SourceTitle "playchess.com"]
[Source "ChessBase"]
[SourceQuality "1"]
[TimeControl "900+10"]

1. d4 Nf6 2. c4 e6 3. Nc3 d5 4. cxd5 exd5 5. Bg5 Be7 6. Qc2 c6 7. e3 O-O 8. Bd3 Nbd7 9. Nge2 Re8 10. O-O Nf8 11. f3 Nh5 12. Bxe7 Qxe7 13. e4 dxe4 14. fxe4 Qg5 15. Kh1 Bg4 16. e5 Bxe2 17. Bxe2 Nf4 18. Bc4 N8e6 19. Qf2 Qg6 20. Rae1 Rad8 21. Re4 b5 22. Bxe6 Nxe6 23. h3 h5 24. Qe3 Rd7 25. Ne2 Red8 26. Nf4 Qh6 27. Nxe6 Qxe3 28. Rxe3 fxe6 29. Rc1 Rc8 30. Rec3 Rdc7 31. Kg1 Kf7 32. Kf2 Ke7 33. Ke3 Kd7 34. Rf1 Re8 35. Rf7+ Kc8 36. Rf1 Kb7 37. Ke4 Rd8 38. b4 Rcd7 39. Rd3 Kb6 40. Rfd1 a5 41. a3 axb4 42. axb4 Ra8 43. Rc3 Ra4 44. Rdc1 Rc7 45. Rb1 Ra2 46. g3 Rh2 47. h4 Rf7 48. Rbc1 Rc7 49. Rb1 Kb7 50. Rf3 Rd2 51. Rbb3 Rd7 52. Rbd3 Re2+ 53. Rde3 Rc2 54. Rc3 1/2-1/2

[Event "13th All African Mixed Team Rapid-ch 202"]
[Site "Accra"]
[Date "2024.03.09"]
[Round "6.8"]
[White "Banda Natalie Katlo"]
[Black "Yavo Tchetche, Marie"]
[Result "1/2-1/2"]
[ECO "B07"]
[WhiteElo "1772"]
[BlackElo "1659"]
[Annotator "NA RC"]
[PlyCount "71"]
[EventDate "2024.03.07"]
[EventType "rapid"]
[EventCountry "GHA"]
[SourceTitle "playchess.com"]
[Source "ChessBase"]
[SourceQuality "1"]
[TimeControl "900+10"]

1. d4 Nf6 2. Nf3 g6 3. Nbd2 Bg7 4. c3 O-O 5. e4 d6 6. Bd3 Nbd7 7. O-O e5 8. dxe5 Nxe5 9. Nxe5 dxe5 10. Nc4 Qe7 11. Bg5 Rd8 12. Qc2 b6 13. Rfe1 h6 14. Bxf6 Qxf6 15. f3 Ba6 16. Rad1 Bb7 17. Bf1 Rxd1 18. Rxd1 Rd8 19. Rd2 Qe7 20. Qd1 Rxd2 21. Qxd2 Ba6 22. Qd5 Kh7 23. Ne3 Bxf1 24. Kxf1 Bf8 25. Qc6 Kg7 26. Nd5 Qg5 27. Qxc7 Qc1+ 28. Kf2 Bc5+ 29. Ke2 Qxb2+ 30. Kd3 Qb1+ 31. Kd2 Qxa2+ 32. Kd3 Qb1+ 33. Kd2 Qb2+ 34. Kd3 Qb1+ 35. Kd2 Qb2+ 36. Kd3 1/2-1/2

[Event "13th All African Mixed Team Rapid-ch 202"]
[Site "Accra"]
[Date "2024.03.09"]
[Round "6.9"]
[White "Akpa Prince"]
[Black "Mwali, Chitumbo"]
[Result "0-1"]
[ECO "E01"]
[WhiteElo "1845"]
[BlackElo "2340"]
[Annotator "TA"]
[PlyCount "88"]
[EventDate "2024.03.07"]
[EventType "rapid"]
[EventCountry "GHA"]
[SourceTitle "playchess.com"]
[Source "ChessBase"]
[SourceQuality "1"]
[TimeControl "900+10"]

1. d4 Nf6 2. c4 c5 3. Nf3 e6 4. g3 cxd4 5. Nxd4 Nc6 6. Bg2 d5 7. O-O Bc5 8. Nb3 Be7 9. cxd5 exd5 10. Nc3 Be6 11. Bg5 O-O 12. Rc1 Rc8 {[%emt 0:01:03] White is slightly better.} 13. Nb5 h6 14. Bf4 Qb6 15. a4 a6 16. Be3 Qd8 17. N5d4 Nxd4 18. Nxd4 Rc5 $2 (18... Rxc1 $11 19. Bxc1 (19. Qxc1 Bd7 $11) 19... Bd7) 19. Rc2 $2 (19. Rxc5 $18 Bd7 20. Rc3) 19... Rxc2 $14 {[%emt 0:00:00] [#]} 20. Qc1 {[%mdl 8192] [#]} Bd7 $2 21. Qxc2 $11 Qa5 22. b3 Rc8 23. Qd2 Bb4 24. Qd3 Rc3 25. Qb1 Ng4 26. Bd2 Rc7 27. Bxb4 Qxb4 28. e3 Qc5 29. Rd1 Nf6 30. b4 Qc3 31. b5 a5 32. Nf5 (32. h3 $11 {keeps the balance.}) 32... Be6 (32... Qa3 $1 $17 33. Bf1 Rc3 (33... Qxa4 34. Ne7+ Kf8 35. Nxd5 $11)) 33. Nd4 Bg4 34. Bf3 (34. Re1 $11) 34... Bxf3 $1 $15 35. Nxf3 Rc4 36. Rd4 {[%emt 0:00:44] [#]} ({White should try} 36. Rd3 $15 Qc2 37. Qxc2 Rxc2 38. Rd4) 36... b6 ({Better is} 36... Ne4 $1 $17 37. Kg2 Rxd4 38. Nxd4 Qd2) 37. Rxc4 Qxc4 $11 {[%emt 0:00:00][%mdl 4096] Endgame. KQN-KQN} 38. Qa1 (38. Qf5 $11) 38... Qe4 ({Black should play} 38... Ne4 $15 39. Nd4 Qd3) 39. Kg2 $2 {[%emt 0:01:19] [#]} (39. Nd2 $11 {and White stays safe.} Qd3 40. Qc1) 39... Nd7 $1 $19 40. Qd4 Nc5 41. Qxe4 dxe4 42. Ne5 Nxa4 43. Nc4 Kf8 {[%emt 0:00:08] White must now prevent ...Ke7.} 44. Kf1 $2 (44. f3) 44... Ke7 {[%emt 0:00:01] Quite a comeback for Black.   Weighted Error Value: White=0.67/Black=0.47.  Loses game:     	White=2     	Black=1      Missed win:     	White=1     	Black=1      Mistake:       	White=5     	Black=3      Inaccurate:     	White=5     	Black=3      OK:         	White=12    	Black=14     Best:        	White=1     	---        Strong:       	---       	Black=2} 0-1

[Event "13th All African Mixed Team Rapid-ch 202"]
[Site "Accra"]
[Date "2024.03.09"]
[Round "6.10"]
[White "Mbatha, Constance"]
[Black "Ayiku, Angela Naa Amerley"]
[Result "1-0"]
[ECO "B27"]
[WhiteElo "1799"]
[BlackElo "1629"]
[Annotator "NA RC"]
[PlyCount "100"]
[EventDate "2024.03.07"]
[EventType "rapid"]
[EventCountry "GHA"]
[SourceTitle "playchess.com"]
[Source "ChessBase"]
[SourceQuality "1"]
[TimeControl "900+10"]

1. e4 c5 2. Nf3 g6 3. d4 cxd4 4. Nxd4 Bg7 5. c3 d6 6. Be3 Nf6 7. Nd2 O-O 8. Be2 b6 9. f3 Bb7 10. O-O Nc6 11. Rc1 Qc7 12. N2b3 Ne5 13. h3 d5 14. exd5 Nxd5 15. Bf2 Bh6 16. Rb1 Ne3 17. Bxe3 Bxe3+ 18. Kh1 Bf4 19. Qe1 Nc4 20. Bxc4 Qxc4 21. Qxe7 Ba6 22. Qf6 Bg3 23. Qg5 Qc7 24. Rfd1 Rae8 25. c4 Bf4 26. Qh4 Qe5 27. Nc6 Qc7 28. Ncd4 Bxc4 29. Qf2 Bxb3 30. Nxb3 Bg3 31. Qf1 Bh4 32. Rd4 Bf6 33. Rd3 Qg3 34. f4 Qh4 35. Kh2 Re4 36. Rf3 Qh6 37. Nd2 Rxf4 38. Rxf4 Be5 39. g3 g5 40. Rf2 Qh4 41. Qg2 g4 42. Re2 Bb8 43. Rf1 Qh5 44. Ne4 Kg7 45. Nf6 Qg6 46. Nxg4 f5 47. Ne5 Qd6 48. Nc4 Qc5 49. b3 Rd8 50. Rfe1 Rd7 1-0

[Event "13th All African Mixed Team Rapid-ch 202"]
[Site "Accra"]
[Date "2024.03.09"]
[Round "6.11"]
[White "Paiva, Donaldo"]
[Black "Wanyama, Harold"]
[Result "0-1"]
[ECO "C00"]
[WhiteElo "2172"]
[BlackElo "2226"]
[Annotator "TA"]
[PlyCount "68"]
[EventDate "2024.03.07"]
[EventType "rapid"]
[EventCountry "GHA"]
[SourceTitle "playchess.com"]
[Source "ChessBase"]
[SourceQuality "1"]
[TimeControl "900+10"]

1. e4 c5 2. Nf3 e6 3. d3 Nc6 4. g3 Nf6 5. Bg2 d5 6. Nbd2 b6 7. O-O Bb7 8. e5 Nd7 9. Re1 {[%emt 0:00:02] The position is equal.} g5 (9... Be7 $11) 10. g4 $2 (10. c4 $14 {keeps the upper hand.}) 10... Bg7 $17 11. c4 Ncxe5 12. cxd5 Bxd5 (12... Nxd3 13. dxe6 Nxe1 14. Nxe1 (14. exd7+ Qxd7 15. Qxe1+ Kf8 $14) 14... Bxg2 15. exd7+ Qxd7 16. Nxg2 $14 (16. Qe2+ Kf8 $14)) 13. Ne4 Nxf3+ (13... Nxg4 14. Nd6+ Ke7 15. Nxg5 $18 (15. Bxg5+ Bf6 $15) (15. Nxf7 Qc7 $11)) 14. Bxf3 {[%emt 0:01:26] Hoping for Nd6+.} Ne5 15. Bg2 (15. Bxg5 $17 Nxf3+ 16. Qxf3 Qxg5 17. Nxg5 Bxf3 18. Nxf3) 15... h6 $19 {[%emt 0:00:05] Strongly threatening ...Ng6.} 16. f4 {[%emt 0:00:17] [#]} (16. Be3 {keeps fighting.}) 16... gxf4 ({Better is} 16... Ng6 $1 $19 17. fxg5 Bd4+ 18. Be3 Bxe3+ (18... Bxb2 19. gxh6 Qc7 20. Bg5 $15) (18... hxg5 $2 19. Bxd4 cxd4 20. Qa4+ Kf8 21. Qb4+ Kg8 22. Qxd4 $19) 19. Rxe3 hxg5) 17. Bxf4 $17 O-O {[%emt 0:00:04] ...Ng6 would now be deadly.} 18. g5 hxg5 19. Nxg5 Bxg2 20. Rxe5 $2 {[%emt 0:00:04][%mdl 8192] Now White is beyond hope.} (20. Qh5 $17 Qxd3 (20... Nxd3 21. Qh7#) (20... Qd4+ $2 21. Kxg2 Qxd3 22. Re4 $18) 21. Bxe5) 20... Bb7 (20... Bxe5 $142 21. Qh5 Bd4+ (21... Bxf4 22. Qh7#) (21... Qd4+ $2 22. Kxg2 Qd5+ 23. Kf2 $19) 22. Kxg2 Qd5+ (22... Bxb2 23. Qh7#) 23. Kg3 Qf5 (23... Bxb2 24. Qh7#)) 21. Qh5 $2 (21. Re3 {was necessary.} Qd5 (21... Bxb2 22. Qh5) 22. Qg4) 21... Qxd3 $19 (21... Qd4+ $2 22. Re3 $18) 22. Qg4 Rad8 {[%emt 0:01:34][%cal Od3g6] White must now prevent ...Qg6!} 23. Rae1 Qg6 24. h4 Rd4 25. h5 Qf6 26. Nh3 (26. Ne4 {nothing else works.} Bxe4 27. R1xe4) 26... Kh7 {[%emt 0:00:31] ...Bh6 is the strong threat.} 27. Qg3 Rg8 {[%emt 0:01:23][%cal Od4f4] aiming for ...Rxf4!} 28. Rg5 {[%emt 0:00:18] [#]} Rxf4 29. Nxf4 {[%emt 0:00:23] [#]} Bh6 $2 30. Rxg8 (30. Qd3+ Kh8 31. Rxg8+ Kxg8 32. Qg3+ Kh7 33. Nh3) 30... Bxf4 31. Qg4 Qd4+ (31... Qxb2 $2 {perishes.} 32. Qxf4 Kxg8 33. Qb8+ Kg7 34. Qxb7 Qd4+ 35. Kf1 Qf6+ 36. Kg2 Qg5+ 37. Kf2 Qh4+ 38. Ke2 $18) 32. Kf1 Ba6+ {[%emt 0:00:03] A strong pair of Bishops.} (32... Qxb2 33. Qxf4 Kxg8 (33... Ba6+ 34. Kg1 $16) 34. Qb8+ Kg7 35. Qxb7 Qf6+ 36. Kg2 Qg5+ 37. Kf2 Qh4+ 38. Ke2 $18) 33. Kg2 Qd2+ (33... Qxb2+ $2 34. Kf3 Be5 35. Rf8 Bb7+ 36. Re4 Bxe4+ 37. Qxe4+ f5 38. Qe2 $17) 34. Kf3 Bb7+ {[%emt 0:00:06] Weighted Error Value: White=1.23/Black=0.46.  Loses game:     	White=1     	---        Mistake:       	White=5     	Black=3      Inaccurate:     	White=3     	Black=1      OK:         	White=6     	Black=8      Best:        	White=2     	Black=3      Brilliant:      	---       	Black=1} 0-1

[Event "13th All African Mixed Team Rapid-ch 202"]
[Site "Accra"]
[Date "2024.03.09"]
[Round "6.12"]
[White "Nakabo, Peninah"]
[Black "Vilhete, Vania Fausto Da T."]
[Result "0-1"]
[ECO "B50"]
[WhiteElo "1836"]
[BlackElo "1829"]
[Annotator "NA RC"]
[PlyCount "188"]
[EventDate "2024.03.07"]
[EventType "rapid"]
[EventCountry "GHA"]
[SourceTitle "playchess.com"]
[Source "ChessBase"]
[SourceQuality "1"]
[TimeControl "900+10"]

1. e4 c5 2. Nf3 d6 3. c3 Nf6 4. e5 dxe5 5. Nxe5 e6 6. d4 cxd4 7. cxd4 Be7 8. Bb5+ Bd7 9. Bxd7+ Nbxd7 10. Qa4 O-O 11. Nxd7 Qxd7 12. Qxd7 Nxd7 13. O-O Bf6 14. Be3 Nb6 15. Nd2 Rfd8 16. Nf3 Nc4 17. b3 Nxe3 18. fxe3 Rac8 19. Rac1 h6 20. Rc4 b5 21. Rc5 Rxc5 22. dxc5 b4 23. Rc1 Bc3 24. c6 Rc8 25. Nd4 Bd2 26. Rc4 Bxe3+ 27. Kf1 Bxd4 28. Rxd4 Rxc6 29. Rxb4 Rc1+ 30. Kf2 Rc2+ 31. Kf3 Rxa2 32. Rb7 f6 33. b4 e5 34. b5 Kh7 35. h4 h5 36. g3 Kh6 37. Ke4 Kg6 38. Kf3 Ra4 39. Re7 Rb4 40. Rxa7 Rxb5 41. Ra3 Rb4 42. Re3 Kf5 43. Ra3 g5 44. hxg5 fxg5 45. Rc3 e4+ 46. Kg2 Kg4 47. Re3 h4 48. gxh4 Kxh4 49. Kf2 Kg4 50. Ra3 Kf4 51. Kg2 g4 52. Ra8 Rb2+ 53. Kf1 e3 54. Rf8+ Kg3 55. Re8 e2+ 56. Ke1 Kg2 57. Rh8 g3 58. Rh7 Kg1 59. Rh8 g2 60. Rh7 Rb1+ 61. Kxe2 Rf1 62. Rh8 Rf5 63. Re8 Rf2+ 64. Ke1 Rf1+ 65. Ke2 Rf4 66. Re6 Kh2 67. Rh6+ Kg3 68. Rg6+ Kh3 69. Rh6+ Kg3 70. Rg6+ Kh2 71. Rh6+ Kg1 72. Re6 Ra4 73. Ke1 Ra2 74. Re8 Kh2 75. Rh8+ Kg3 76. Rg8+ Kf3 77. Rf8+ Ke3 78. Re8+ Kf4 79. Rf8+ Ke5 80. Rg8 Kf6 81. Rg3 Kf5 82. Rg8 Ke4 83. Re8+ Kf3 84. Rf8+ Kg3 85. Rg8+ Kh2 86. Rh8+ Kg1 87. Rh7 Ra6 88. Re7 Rf6 89. Ke2 Rf4 90. Re6 Rh4 91. Ra6 Re4+ 92. Kf3 Re7 93. Kg3 Re3+ 94. Kf4 Rh3 0-1